 Dungeon Crawl Stone Soup version 0.29.1-12-g30fa7ad0bf (webtiles) character file.

Game seed: 13898875161329725078

53 Unglued128 the Firebug (level 3, -2/27 HPs)
             Began as a Draconian Fire Elementalist on Dec 26, 2022.
             Succumbed to a goblin's poison
             ... on level 2 of the Dungeon.
             The game lasted 00:09:34 (1535 turns).

Unglued128 the Firebug (DrFE)                       Turns: 1535, Time: 00:09:35

Health: -2/27      AC:  5    Str:  9 (10) XL:     3   Next: 64%
Magic:  4/6        EV: 12    Int: 14 (17) God:
Gold:   39         SH:  0    Dex: 10 (11) Spells: 3/6 levels left

rFire   . . .      SeeInvis .   f - +0 dagger
rCold   . . .      Faith    .   (no shield)
rNeg    . . .      Spirit   .   (body armour unavailable)
rPois   .          Reflect  .   (helmet restricted)
rElec   .          Harm     .   (no cloak)
rCorr   .          Rampage  .   (no gloves)
Will    .....                   (no boots)
Stlth   ++........              (no amulet)
HPRegen 0.09/turn               (no ring)
MPRegen 0.10/turn               (no ring)

@: lethally poisoned (-2 -> -16), flying
A: AC +5, unfitting armour, cold-blooded
a: no special abilities


You were on level 2 of the Dungeon.
You visited 1 branch of the dungeon, and saw 2 of its levels.

You collected 39 gold pieces.

Inventory:

Hand Weapons
 f - a +0 dagger (weapon)
Scrolls
 b - a scroll of fear {unknown}
 c - a scroll of identify {unknown}
 d - a scroll of teleportation {unknown}
 e - a scroll of brand weapon {unknown}
 h - a scroll of butterflies {unknown}
Potions
 i - a potion of lignification {unknown}


   Skills:
 + Level 0.3 Fighting
 + Level 0.1 Short Blades
 + Level 1.8 Dodging
 + Level 1.7 Stealth
 + Level 0.3 Unarmed Combat
 + Level 2.4 Spellcasting
 + Level 1.0 Conjurations
 + Level 4.2 Fire Magic


You had 3 spell levels left.
You knew the following spells:

 Your Spells              Type           Power      Damage    Failure   Level
a - Foxfire               Conj/Fire      36%        2x1d5     8%          1
b - Scorch                Fire           26%        2d6       6%          2

Your spell library contained the following spells:

 Spells                   Type           Power      Damage    Failure   Level
 Conjure Flame            Conj/Fire      9%         6-21      24%         3
 Inner Flame              Hex/Fire       7%         N/A       28%         3
 Flame Wave               Conj/Fire      9%         2d6       61%         4


Dungeon Overview and Level Annotations

Branches:
Dungeon (2/15)

Altars:


Innate Abilities, Weirdness & Mutations

Your plain brown scales are hard. (AC +5)
You cannot fit into any form of body armour.
You are cold-blooded and may be slowed by cold attacks.


Message History

The adder bites you but does no damage.
You hit the adder.
You kill the adder!
You feel sick. The rat bites you but does no damage.
Casting: Scorch (safe; 4% risk of failure)
Confirm with . or Enter, or press ? or * to list all spells.
You conjure some foxfire!
You feel sick. The rat misses you.
You feel sick.
The foxfire hits the rat.
You kill the rat!
You start resting.
You feel sick.
You are no longer poisoned.
You start resting.
Your foxfire dissipates!
You start resting.
Magic restored.
You start resting.
A goblin comes into view.
It is wielding a +0 club and quivering poisoned darts.
The goblin shouts!
The goblin throws a poisoned dart.
The poisoned dart hits you!
You are poisoned.
You feel sick.
The goblin throws a poisoned dart.
The poisoned dart hits you!
You are lethally poisoned!
You feel very sick.
The goblin throws a poisoned dart.
The poisoned dart hits you!
You are more poisoned.
Casting: Foxfire (safe; 6% risk of failure)
Confirm with . or Enter, or press ? or * to list all spells.
Flames lash the goblin.
You kill the goblin!
* * * LOW HITPOINT WARNING * * *
You feel very sick.
It was a potion of degeneration.
There was something very wrong with that liquid.
You feel weakened.
You feel dopey.
You feel clumsy.
* * * LOW HITPOINT WARNING * * *
You feel very sick.
It was a potion of flight.
You feel very buoyant.
You fly up into the air.
You die...

.## ### ..#.† ...#
#..###### .
##........ .
##..###.... #.
##..## # #.##
##..## .#
...###@.## #.#.)
#..#..## ##....#
#..###.#)## .......
#...<...#####.....#
.)................#
.##.............##
#.............#
#.....[.......#
#.............#


There were no monsters in sight!

Vanquished Creatures
  An adder (D:2)
  5 bats (D:1)
  4 endoplasms (D:1)
  A giant cockroach (D:1)
  6 goblins
  A hobgoblin (D:1)
  4 jackals (D:1)
  2 kobolds (D:1)
  4 quokkas
  3 ball pythons
  4 frilled lizards
  5 rats
40 creatures vanquished.

Vanquished Creatures (others)
  27 foxfires
  A fungus (D:1)
  6 plants (D:1)
34 creatures vanquished.

Grand Total: 74 creatures vanquished

Notes
Turn   | Place    | Note
-------+----------+-------------------------------------------
     0 | D:1      | Unglued128 the Draconian Fire Elementalist began the quest
                  | for the Orb.
     0 | D:1      | Reached XP level 1. HP: 14/14 MP: 3/3
   160 | D:1      | You fall into a shaft and drop 1 floor!
   284 | D:1      | Reached XP level 2. HP: 20/20 MP: 1/5
   339 | D:1      | Learned a level 2 spell: Scorch
   343 | D:1      | Found a faded altar of an unknown god.
   950 | D:1      | Reached XP level 3. HP: 26/26 MP: 1/6
  1319 | D:2      | Reached skill level 4 in Fire Magic
  1534 | D:2      | HP: 1/27 [poisoned by a goblin]
  1535 | D:2      | Succumbed to a goblin's poison

Illustrated notes

Levels and vault maps discovered:
D:1:      minmay_arrival_glassed_features, layout_loops_ring,
          shapermc_ecumenical_altar_mp_urbaneastern, minmay_pentomino_x4
D:2:      layout_rooms, minmay_snake_closets

Skill      XL: |  1  2  3 |
---------------+----------+-----
Fire Magic     | 4 |  4.2
Fighting       | |  0.3
Short Blades   | |  0.1
Dodging        | |  1.8
Stealth        | |  1.7
Unarmed Combat | |  0.3
Spellcasting   | |  2.4
Conjurations   | |  1.0

Action                   || total
-------------------------++-------
Melee: Unarmed           ||    23
       Dagger            ||    32
       Tailslap          ||     2
 Cast: Foxfire           ||    16
       Scorch            ||    26
  Use: Potion            ||     3
Armor: Skin              ||    22
Dodge: Dodged            ||    41
